 Dungeon Crawl Stone Soup version 0.28.0-53-g5a82cb258f (webtiles) character file.

Game seed: 3313378856657335354

2429 Legadrian the Cleaver (level 9, -2/70 HPs)
             Began as a Minotaur Fighter on July 9, 2022.
             Was a Believer of Okawaru.
             Slain by an orc warrior
             ... wielding a +0 halberd
              (17 damage)
             ... in a bailey.
             The game lasted 00:13:30 (7398 turns).

Legadrian the Cleaver (Minotaur Fighter)            Turns: 7398, Time: 00:13:31

Health: -2/70      AC:  8    Str: 24    XL:     9   Next: 24%
Magic:  8/8        EV:  9    Int:  5    God:    Okawaru [**....]
Gold:   403        SH:  5    Dex: 11    Spells: 8/8 levels left

rFire   . . .      SeeInvis .   u - +2 hand axe (elec)
rCold   + . .      Faith    .   c - +0 buckler
rNeg    . . .      Spirit   .   b - +0 scale mail
rPois   .          Reflect  .   (helmet restricted)
rElec   .          Harm     .   y - +0 cloak
rCorr   .          Rampage  .   (no gloves)
Will    .....                   (no boots)
Stlth   ..........              (no amulet)
HPRegen 0.21/turn               l - ring of protection from cold
MPRegen 0.11/turn               (no ring)

@: mighty
A: horns 2, retaliatory headbutt
a: Renounce Religion, Heroism


You were in a bailey.
You worshipped Okawaru.
Okawaru was pleased with you.
You visited 2 branches of the dungeon, and saw 8 of its levels.
You also visited: Bailey.

You collected 403 gold pieces.

Inventory:

Hand Weapons
 a - a +0 war axe
 u - a +2 hand axe of electrocution (weapon)
 x - a +3 quarterstaff of chaos
 z - a +0 hunting sling
 C - a +0 hand crossbow
 D - a +0 dagger of draining
 K - a +1 dagger of venom
 L - a +0 whip of freezing
Missiles
 g - 135 stones (quivered)
 m - 165 arrows
 p - 53 bolts
 r - a throwing net
 E - 2 poisoned darts
 M - 20 sling bullets
Armour
 b - a +0 scale mail (worn)
 c - a +0 buckler (worn)
 d - a +2 robe of fire resistance
 i - a +0 robe
 v - a +0 leather armour
 y - a +0 cloak (worn)
 G - a +0 ring mail
Jewellery
 l - a ring of protection from cold (left hand)
Wands
 A - a wand of mindburst (5)
Scrolls
 e - 10 scrolls of identify {unknown}
 h - a scroll of noise {unknown}
 k - 3 scrolls of torment {unknown}
 q - a scroll of magic mapping {unknown}
 s - a scroll of amnesia {unknown}
 F - 2 scrolls of enchant armour {unknown}
 I - a scroll of teleportation {unknown}
 J - a scroll of enchant weapon {unknown}
Potions
 f - a potion of attraction {unknown}
 j - 6 potions of magic {unknown}
 n - 2 potions of heal wounds {unknown}
 o - a potion of curing {unknown}
 t - 2 potions of haste {unknown}
 w - 2 potions of lignification {unknown}
 B - 3 potions of brilliance
 H - 2 potions of flight {unknown}
 O - a potion of experience
 P - 2 potions of mutation {unknown}


   Skills:
 - Level 3.6 Fighting
 + Level 13.2 Axes
 - Level 3.6 Armour
 + Level 8.0 Shields


You had 8 spell levels left.
You didn't know any spells.
Your spell library was empty.

Dungeon Overview and Level Annotations

Branches:
Dungeon (7/15)             Temple (1/1) D:5          Bailey (1/1)

Altars:
Dithmenos
Elyvilon
Kikubaaqudgha
Nemelex Xobeh
Okawaru
Qazlal
Ru
Yredelemnul

Shops:
D:1 (   D:5 *


Innate Abilities, Weirdness & Mutations

You have a pair of horns on your head.
You reflexively headbutt those who attack you in melee.


Message History

You hit the orc.
The orc is lightly wounded.
The orc no longer looks unusually strong.
You barely miss the orc.
The orc is lightly wounded.
The orc no longer looks unusually strong.
The orc knight roars a battlecry!
The orcs go into a battle-frenzy!
The orc hits you but does no damage.
The orc no longer looks unusually strong.
The orc knight no longer looks unusually strong.
The orc knight roars a battlecry!
The orcs go into a battle-frenzy!
There is an open door here.
Okay, then.
You feel very mighty all of a sudden. You block the orc warrior's attack.
The orc knight no longer looks unusually strong.
The orc warrior hits you with a +0 halberd.
The orc knight roars a battlecry!
The orc knight goes into a battle-frenzy!
You block the orc knight's attack.
There is an open door here.
You slice the orc warrior!! Your headbutt misses the orc warrior.
The orc warrior is severely wounded.
The orc warrior barely misses you. You furiously retaliate!
You headbutt the orc warrior, but do no damage.
You completely miss the orc warrior.
The orc warrior is severely wounded.
The orc knight hits you but does no damage.
The orc warrior hits you with a +0 halberd!
You barely miss the orc warrior.
The orc warrior is severely wounded.
You hit the orc. Lightning courses through the orc!
You kill the orc!
Okawaru accepts your kill.
The orc knight hits you from afar with a +0 glaive!!
* * * LOW HITPOINT WARNING * * *
The orc warrior hits you from afar with a +0 halberd!
You die...

#....)))#
#....).)#
#.......#
##.).).##
###'###
#.))#
#...#
#)..#
#.@.#
###'###
##o)o..##
#ooo....#
#.o#8#..#
#o.#.#..#
#.......#
#.......#
##..)..##


You could see 2 orc knights, an orc warrior (strong) and 2 orcs.

Vanquished Creatures
  Pikel (D:6)
  Prince Ribbit (D:6)
  Sigmund (D:5)
  2 water moccasins (D:7)
  A sky beast (D:6)
  An ice beast (D:5)
  2 orc warriors (Bailey)
  A centaur (D:5)
  2 ogres (D:4)
  A lemure (D:6)
  A phantom (D:3)
  A kobold brigand (D:4)
  A scorpion (D:5)
  A bullfrog (D:6)
  2 water moccasin zombies
  2 bullfrog zombies (D:6)
  An orc priest (D:3)
  Crazy Yiuf (D:3)
  A centaur skeleton (D:7)
  An iguana (D:5)
  An orc wizard (D:5)
  5 adders
  4 gnolls (D:4)
  2 ufetubi
  An adder skeleton (D:4)
  A worm (D:2)
  2 dart slugs
  25 orcs
  10 ball pythons
  6 endoplasms
  3 giant cockroaches (D:1)
  10 goblins
  11 hobgoblins
  9 jackals
  13 kobolds
  6 bats
  A frilled lizard (D:1)
  6 rats
141 creatures vanquished.

Notes
Turn   | Place    | Note
-------+----------+-------------------------------------------
     0 | D:1      | Legadrian the Minotaur Fighter began the quest for the Orb.
     0 | D:1      | Reached XP level 1. HP: 19/19 MP: 0/0
   117 | D:1      | Reached skill level 3 in Axes
   223 | D:1      | Reached XP level 2. HP: 25/26 MP: 1/1
   327 | D:1      | Found Lorhosch's Weapon Boutique.
   393 | D:1      | Reached skill level 4 in Axes
   528 | D:1      | Reached XP level 3. HP: 31/31 MP: 2/2
  1077 | D:2      | Reached skill level 5 in Axes
  1358 | D:2      | Found a white marble altar of Elyvilon.
  1425 | D:2      | Found a faded altar of an unknown god.
  1529 | D:2      | Reached XP level 4. HP: 34/39 MP: 3/3
  2162 | D:3      | Found a stormy altar of Qazlal.
  2205 | D:3      | Reached skill level 6 in Axes
  2534 | D:3      | Noticed a phantom
  2547 | D:3      | Killed a phantom
  2548 | D:3      | Reached skill level 7 in Axes
  2548 | D:3      | Reached XP level 5. HP: 33/45 MP: 4/4
  3034 | D:3      | Found a runed translucent door.
  3035 | D:3      | Noticed Crazy Yiuf
  3070 | D:3      | Killed Crazy Yiuf
  3375 | D:4      | Reached XP level 6. HP: 36/51 MP: 5/5
  4262 | D:4      | Reached skill level 8 in Axes
  4422 | D:4      | Reached skill level 9 in Axes
  4426 | D:4      | Reached XP level 7. HP: 38/57 MP: 6/6
  4622 | D:5      | Entered Level 5 of the Dungeon
  4623 | D:5      | Found a staircase to the Ecumenical Temple.
  4637 | D:5      | Reached skill level 10 in Axes
  4662 | Temple   | Entered the Ecumenical Temple
  4668 | Temple   | Became a worshipper of Warmaster Okawaru
  4703 | D:5      | Noticed Sigmund
  4715 | D:5      | Killed Sigmund
  4716 | D:5      | Reached skill level 11 in Axes
  4814 | D:5      | Reached XP level 8. HP: 62/64 MP: 7/7
  5282 | D:5      | Found Duah's General Store.
  5427 | D:6      | Reached * piety under Okawaru
  5939 | D:6      | Noticed Prince Ribbit
  5956 | D:6      | Killed Prince Ribbit
  5957 | D:6      | Reached skill level 5 in Shields
  6123 | D:6      | Reached skill level 12 in Axes
  6187 | D:7      | Noticed Pikel
  6204 | D:6      | Killed Pikel
  6421 | D:7      | Reached XP level 9. HP: 70/70 MP: 8/8
  6477 | D:7      | Reached skill level 13 in Axes
  6583 | D:7      | Found a flagged portal.
  6592 | Bailey   | Entered a bailey
  6614 | Bailey   | Reached ** piety under Okawaru
  7367 | Bailey   | Noticed an orc knight
  7367 | Bailey   | Noticed an orc knight
  7398 | Bailey   | Slain by an orc warrior

Illustrated notes

Levels and vault maps discovered:
D:1:      dpeg_arrival_boxes_within_box, layout_basic, serial_shops, shop,
          grunt_decor_one_mirror
D:2:      layout_basic, basic_altar,
          dreamdust_ecumenical_altar_angels_and_demons
D:3:      layout_basic, nicolae_qazlal_eye_of_the_storm, uniq_crazy_yiuf_cottage
D:4:      cheibrodos_thug_alley, layout_basic, skrybe_limestone_x,
          grunt_ministairs_12
D:5:      layout_basic, minmay_temple_entry_large_hall, serial_shops,
          nicolae_shop_waterfront, uniq_sigmund
D:6:      layout_loops_ring, uniq_prince_ribbit1
D:7:      layout_basic, enter_bailey_8, uniq_menkaure, uniq_pikel
Temple:   eino_temple_rhombus
Bailey:   bailey_polearm_5, bailey

Skill      XL: |  1  2  3  4  5  6  7  8  9 |
---------------+----------------------------+-----
Axes           | 3 4 5 7 9 11 12 13 | 13.2
Shields        | 7 8 |  8.0
Fighting       | |  3.6
Armour         | |  3.6

Action                   |  1- 3 |  4- 6 |  7- 9 || total
-------------------------+-------+-------+-------++-------
Melee: War axe           |    87 |    37 |       ||   124
       Headbutt          |    13 |    20 |    26 ||    59
       Hand axe          |       |    80 |   129 ||   209
Invok: Heroism           |       |       |     1 ||     1
  Use: Potion            |       |       |     3 ||     3
Armor: Scale mail        |    42 |    25 |    55 ||   122
Dodge: Dodged            |    41 |    37 |    48 ||   126
Block: Buckler           |    15 |    26 |    39 ||    80
